 Dungeon Crawl Stone Soup version 0.24-a0-618-ge4662a2 (webtiles) character file.

Game seed: 8955453066612920102, levelgen mode: deterministic

584 COBRA the Cleaver (level 7, -3/59 HPs)
             Began as a Hill Orc Fighter on Sept 15, 2019.
             Was an Initiate of Okawaru.
             Slain by a fire bat (4 damage)
             ... on level 7 of the Dungeon.
             The game lasted 00:06:29 (1690 turns).

COBRA the Cleaver (Hill Orc Fighter)                Turns: 1690, Time: 00:06:29

Health: -3/59      AC:  6    Str: 21    XL:     7   Next: 37%
Magic:  7/7        EV:  7    Int:  8    God:    Okawaru [......]
Gold:   119        SH:  9    Dex: 10    Spells: 6/6 levels left

rFire    + . .     SeeInvis .   a - +0 war axe
rCold    + . .     Gourm    .   c - +0 shield
rNeg     . . .     Faith    .   b - +0 scale mail
rPois    +         Spirit   .   (no helmet)
rElec    +         Reflect  .   (no cloak)
rCorr    +         Harm     .   (no gloves)
MR       .....                  (no boots)
Stlth    ..........             (no amulet)
HPRegen  0.19/turn              (no ring)
MPRegen  0.10/turn              (no ring)

@: resistant
A: no striking features
a: Renounce Religion, Convert to Beogh


You were on level 7 of the Dungeon.
You worshipped Okawaru.
Okawaru was noncommittal.
You were hungry.

You visited 1 branch of the dungeon, and saw 7 of its levels.

You collected 119 gold pieces.

Inventory:

Hand Weapons
 a - a +0 war axe (weapon)
Armour
 b - a +0 scale mail (worn)
 c - a +0 shield (worn)
 l - a cursed +0 ring mail
Jewellery
 j - an uncursed amulet of rage {unknown}
Wands
 d - a wand of polymorph (3)
 g - a wand of flame (23)
Scrolls
 e - a scroll of magic mapping
 p - 2 scrolls of amnesia
Potions
 n - 2 potions of flight
Comestibles
 f - 2 rations


   Skills:
 * Level 4.0 Fighting
 - Level 10.1 Axes
 - Level 3.2 Armour
 - Level 3.2 Shields


You had 6 spell levels left.
You didn't know any spells.
Your spell library was empty.

Dungeon Overview and Level Annotations

Branches:
Dungeon (7/15)             Temple (0/1) D:6

Altars:
Makhleb
Okawaru
Ru
Vehumet


Message History

* * * LOW HITPOINT WARNING * * *
You block the orc wizard's attack.
Wield which item (- for none, * to show all)? (? for menu, Esc to quit)
You don't have any such object.
Wield which item (- for none, * to show all)? (? for menu, Esc to quit)
You don't have any such object.
Wield which item (- for none, * to show all)? (? for menu, Esc to quit)
Okay, then.
You feel protected. The fire bat barely misses you.
The orc wizard barely misses you. The fire bat barely misses you.
You barely miss the orc wizard.
The orc wizard is almost dead.
The orc priest shouts, "Surrender to Beogh and we'll let you live!"
You slash the fire bat!
The fire bat bites you but does no damage.
You block the orc wizard's attack. The fire bat bites you.
* * * LOW HITPOINT WARNING * * *
You are engulfed in flames.
You resist.
You die... ############.##. #.....o@booo.... #.##########.###

You could see a fire bat, an orc priest, 2 orc wizards and an orc.

Vanquished Creatures
  Sigmund (D:3)
  A sky beast (D:6)
  A centaur (D:5)
  A scorpion (D:5)
  A howler monkey (D:6)
  A bullfrog zombie (D:5)
  A worker ant (D:6)
  A hound skeleton (D:5)
  An adder (D:2)
  A shadow imp (D:5)
  3 oozes
  A worm (D:2)
  3 dart slugs (D:1)
  A leopard gecko (D:1)
  2 orcs
  6 bats
  3 giant cockroaches
  2 hobgoblins
  7 jackals
  2 quokkas (D:6)
  A ball python (D:3)
  3 frilled lizards
  3 goblins
  5 kobolds
  3 rats (D:1)
55 creatures vanquished.

Notes
Turn   | Place    | Note
-------+----------+-------------------------------------------
     0 | D:1      | COBRA the Hill Orc Fighter began the quest for the Orb.
     0 | D:1      | Reached XP level 1. HP: 19/19 MP: 1/1
     8 | D:1      | Reached skill level 3 in Axes
    25 | D:1      | Reached XP level 2. HP: 21/26 MP: 2/2
    35 | D:1      | Reached skill level 4 in Axes
    57 | D:2      | Found a sacrificial altar of Ru.
   132 | D:1      | Reached XP level 3. HP: 22/31 MP: 3/3
   272 | D:2      | Reached skill level 5 in Axes
   607 | D:3      | Found an iron altar of Okawaru.
   607 | D:3      | Noticed Sigmund
   652 | D:3      | Killed Sigmund
   652 | D:3      | Reached skill level 7 in Axes
   652 | D:3      | Reached XP level 4. HP: 18/39 MP: 4/4
   652 | D:3      | Reached XP level 5. HP: 20/45 MP: 5/5
   674 | D:3      | Became a worshipper of Warmaster Okawaru
   858 | D:5      | Entered Level 5 of the Dungeon
   873 | D:5      | Reached skill level 8 in Axes
   873 | D:5      | Reached XP level 6. HP: 45/51 MP: 6/6
   969 | D:5      | Noticed a sky beast
  1065 | D:6      | Killed a sky beast
  1065 | D:6      | Reached skill level 9 in Axes
  1381 | D:5      | Noticed Edmund
  1383 | D:5      | Noticed Edmund
  1383 | D:5      | Edmund changed into Edmund the ooze
  1387 | D:5      | Killed Edmund the ooze
  1401 | D:5      | Reached XP level 7. HP: 49/57 MP: 7/7
  1551 | D:5      | Found a radiant altar of Vehumet.
  1555 | D:5      | Reached skill level 10 in Axes
  1611 | D:5      | Found a burning altar of Makhleb.
  1670 | D:6      | Found a staircase to the Ecumenical Temple.
  1688 | D:7      | Noticed a fire bat
  1688 | D:7      | an orc warrior changed into a fire bat
  1690 | D:7      | HP: 1/59 [fire bat (3)]
  1690 | D:7      | Slain by a fire bat

Levels and vault maps discovered:
D:1:      wander_arrival_desolate, layout_loops_cross, minmay_tromino_v2
D:2:      layout_loops_ring, nicolae_ru_awakened_eye, zin_scriptorium,
          nicolae_dithmenos_through_a_glass_darkly, lemuel_doored_altar,
          first_ration
D:3:      layout_loops_ring, okawaru_trees_1, uniq_sigmund
D:4:      layout_rooms
D:5:      layout_basic, vehumet_altar_wand_db, lightli_temple_of_fire,
          ashenzari_conservatory_becter, uniq_edmund
D:6:      layout_loops_cross, minmay_temple_entry_overgrown, uniq_eustachio
D:7:      layout_loops_ring, dancing_weapons_uskayaw

Skill      XL: |  1  2  3  4  5  6  7 |
---------------+----------------------+-----
Axes           | 3 4 7 8 9 10 | 10.1
Fighting       | 4 |  4.0
Armour         | |  3.2
Shields        | |  3.2

Action                   |  1- 3 |  4- 6 |  7- 9 || total
-------------------------+-------+-------+-------++-------
Melee: War axe           |    87 |    69 |    29 ||   185
       Unarmed           |     1 |       |       ||     1
Evoke: Wand              |       |     3 |     2 ||     5
  Use: Potion            |     1 |       |     4 ||     5
       Scroll            |       |     7 |       ||     7
  Eat: Chunk             |       |     2 |       ||     2
Armor: Scale mail        |    41 |    44 |     8 ||    93
Dodge: Dodged            |    39 |    32 |    16 ||    87
Block: Shield            |    48 |    36 |    18 ||   102

Table legend:
 A = Non-vault XP
 B = Vault XP
 C = Vault XP percentage of total XP
 D = Non-vault monster count
 E = Vault monster count
 F = Vault count percentage of total count
                 A         B        C        D         E       F
            +---------+---------+-------+---------+---------+-------
      Total |     603 |     232 |  27.8 |      52 |       3 |   5.5
            +---------+---------+-------+---------+---------+-------
        D:1 |      43 |       0 |   0.0 |      20 |       0 |   0.0
        D:2 |      23 |       0 |   0.0 |       5 |       0 |   0.0
        D:3 |      23 |     223 |  90.7 |       9 |       1 |  10.0
        D:5 |     279 |       9 |   3.1 |      12 |       2 |  14.3
        D:6 |     235 |       0 |   0.0 |       6 |       0 |   0.0
            +---------+---------+-------+---------+---------+-------
